 Dungeon Crawl Stone Soup version 0.29.0-4-gdea44cf6ec (webtiles) character file.

Game seed: 15472067170228208951

262 qw the Chopper (level 5, -13/46 HPs)
             Began as a Minotaur Berserker on Sept 7, 2022.
             Was a Priest of Trog.
             Killed by divine providence
             ... invoked by an orc priest
              (16 damage)
             ... on level 4 of the Dungeon.
             The game lasted 00:01:01 (3115 turns).

qw the Chopper (Minotaur Berserker)                 Turns: 3115, Time: 00:01:02

Health: -13/46     AC:  6    Str: 21    XL:     5   Next: 97%
Magic:  4/4        EV: 11    Int:  3    God:    Trog [***...]
Gold:   132        SH:  0    Dex: 13    Spells: 4/4 levels left

rFire   . . .      SeeInvis .   Y - +0 hand axe
rCold   . . .      Faith    .   (no shield)
rNeg    + . .      Spirit   .   e - +0 ring mail
rPois   .          Reflect  .   (helmet unavailable)
rElec   .          Harm     .   g - +0 cloak
rCorr   .          Rampage  .   (no gloves)
Will    .....                   (no boots)
Stlth   +.........              (no amulet)
HPRegen 0.15/turn               l - ring of positive energy
MPRegen 0.09/turn               (no ring)

@: on berserk cooldown, slowed, very slow
A: horns 3, retaliatory headbutt, agile 1, weak 1, MP-powered wands
a: Renounce Religion, Berserk, Trog's Hand


You were on level 4 of the Dungeon.
You worshipped Trog.
Trog was most pleased with you.
You visited 1 branch of the dungeon, and saw 4 of its levels.

You collected 132 gold pieces.


Innate Abilities, Weirdness & Mutations

You have a pair of large horns on your head.
You reflexively headbutt those who attack you in melee.
You are agile. (Dex +4, Str/Int -1)
You are weak. (Str -2)
You expend magic power (3 MP) to strengthen your wands.


   Skills:
 - Level 4.3 Fighting
 + Level 7.4 Axes
 - Level 1.3 Throwing
 - Level 2.4 Armour
 - Level 2.1 Dodging


You had 4 spell levels left.
You didn't know any spells.
Your spell library was empty.

Inventory:

Hand Weapons
 m - a +0 whip
 Y - a +0 hand axe (weapon)
Missiles
 a - 5 boomerangs
 o - a silver boomerang (quivered)
Armour
 e - a +0 ring mail (worn)
 g - a +0 cloak (worn)
Jewellery
 l - a ring of positive energy (left hand)
Scrolls
 f - a scroll of identify
Potions
 c - a potion of might
 d - a potion of lignification {unknown}
 h - a potion of berserk rage {unknown}
 i - a potion of mutation
 j - a potion of haste {unknown}
 k - a potion of invisibility {unknown}
 n - a potion of magic {unknown}
 p - a potion of flight {unknown}

Dungeon Overview and Level Annotations

Branches:
Dungeon (4/15)
 Temple: D:4-7

Altars:
Kikubaaqudgha
Sif Muna

Annotations:
D:3 2 transporters, qw's ghost, weakling BaCK


Message History

The orc priest looks encouraged for a moment.
3109 ||| DRINKING potion of curing.
You feel better.
3109 ||| (to cure confusion)
The orc priest looks encouraged for a moment.
The orc misses you. The orc completely misses you. You furiously retaliate!
You headbutt the orc!
You kill the orc!
Trog accepts your kill.
The orc hits you from afar with a +0 trident.
The orc priest mumbles some strange prayers to Beogh against you.
Beogh smites you! The orc hits you with a +0 short sword.
The orc hits you with a +0 trident.
Things that are here:
a +2 hand axe of venom; a +0 ring mail You hit the orc.
The orc is lightly wounded.
You hit the orc but do no damage. The orc closely misses you.
The orc barely misses you. x2
The orc hits you with a +0 short sword.
You barely miss the orc. You headbutt the orc!
You kill the orc!
Trog accepts your kill.
You hit the orc. The orc closely misses you.
You closely miss the orc priest. You hit the orc but do no damage.
The orc priest calls down the wrath of Beogh upon you.
Pain shoots through your body! The orc hits you with a +0 short sword.
You hit the orc priest. Your headbutt misses the orc priest.
The orc priest is heavily wounded.
You hit the orc but do no damage.
The orc priest hits you with a +0 short sword.
The orc hits you with a +0 short sword.
The orc priest hits you but does no damage.
The orc barely misses you.
You hit the orc priest but do no damage.
The orc priest is heavily wounded.
You hit the orc but do no damage.
The orc priest invokes the aid of Beogh against you.
Beogh smites you!
You die...

##(#####.####.####
#..........##.##.#
####..#####.#.....).###
......# #.#.)#.##.#..
###...####.#..#.#.....
#........)....#.#..#.#
###.##...#.####.#.#..#.#
.........#......#.#..#.#
##.###.@o########.#..#..
#.)o...........####
#.#.)###### ### ........
###.#..#.# #.#..#.#
#....# # #.#... ####


You could see an orc priest and an orc.

Vanquished Creatures
  2 vampire bats (D:3)
  A hound (D:2)
  An orc wizard (D:4)
  Terence (D:2)
  An adder (D:2)
  2 worms
  2 dart slugs
  9 orcs
  4 ball pythons
  3 bat skeletons (D:3)
  3 bat zombies (D:3)
  6 endoplasms
  4 giant cockroaches
  6 goblins
  3 hobgoblins (D:1)
  7 jackals (D:1)
  5 kobolds
  2 quokkas
  6 bats
  2 frilled lizards (D:1)
  6 rats
76 creatures vanquished.

Notes
Turn   | Place    | Note
-------+----------+-------------------------------------------
     0 | D:1      | qw the Minotaur Berserker began the quest for the Orb.
     0 | D:1      | Reached XP level 1. HP: 19/19 MP: 0/0
     0 | D:1      | 0 ||| qw: Version: 0.1-a-108-g9e35731
     0 | D:1      | 0 ||| qw: Game counter: 6501
     0 | D:1      | 0 ||| qw: Always use a shield: true
     0 | D:1      | 0 ||| qw: Do Orc after D:15 true
     0 | D:1      | 0 ||| qw: Do second Lair branch before Depths: true
     0 | D:1      | 0 ||| qw: Lair rune preference: random
     0 | D:1      | 0 ||| qw: Plans: Normal
     0 | D:1      | 0 ||| PLANNING D:1-11
    57 | D:1      | 57 ||| Stepping ~*~*~tactically~*~*~ (stealth).
    68 | D:1      | 68 ||| Stepping ~*~*~tactically~*~*~ (stealth).
    69 | D:1      | 69 ||| Stepping ~*~*~tactically~*~*~ (stealth).
    75 | D:1      | Reached skill level 4 in Axes
    77 | D:1      | 77 ||| Stepping ~*~*~tactically~*~*~ (stealth).
   134 | D:1      | Reached XP level 2. HP: 24/26 MP: 1/1
   326 | D:1      | 326 ||| Stepping ~*~*~tactically~*~*~ (hiding).
   443 | D:1      | 443 ||| Stepping ~*~*~tactically~*~*~ (hiding).
   705 | D:1      | Found a faded altar of an unknown god.
   712 | D:1      | Reached skill level 5 in Axes
   879 | D:1      | Reached ** piety under Trog
   880 | D:1      | Reached XP level 3. HP: 31/31 MP: 2/2
   952 | D:1      | 952 ||| Stepping ~*~*~tactically~*~*~ (stealth).
   953 | D:1      | 953 ||| Stepping ~*~*~tactically~*~*~ (stealth).
   958 | D:1      | 958 ||| Stepping ~*~*~tactically~*~*~ (stealth).
   959 | D:1      | 959 ||| Stepping ~*~*~tactically~*~*~ (stealth).
  1233 | D:1      | 1233 ||| UPGRADING to +0 cloak.
  1238 | D:1      | 1238 ||| READING scroll labelled RAELLI SORIL.
  1242 | D:1      | 1242 ||| READING 2 scrolls labelled KABEHIONUOT.
  1243 | D:1      | 1243 ||| DRINKING 3 viscous orange potions.
  1243 | D:1      | Gained mutation: You sometimes lose your temper in combat.
                  | [potion of mutation]
  1243 | D:1      | Gained mutation: Your movements are slightly less
                  | encumbered by armour. (ER -2) [potion of mutation]
  1244 | D:1      | 1244 ||| DRINKING 2 potions of mutation.
  1244 | D:1      | Lost mutation: Your movements are slightly less encumbered
                  | by armour. (ER -2) [potion of mutation]
  1244 | D:1      | Lost mutation: You sometimes lose your temper in combat.
                  | [potion of mutation]
  1244 | D:1      | Gained mutation: You have a pair of large horns on your
                  | head. [potion of mutation]
  1244 | D:1      | Gained mutation: You are agile. (Dex +4, Str/Int -1)
                  | [potion of mutation]
  1244 | D:1      | Gained mutation: You are weak. (Str -2) [potion of
                  | mutation]
  1244 | D:1      | Gained mutation: You expend magic power (3 MP) to
                  | strengthen your wands. [potion of mutation]
  1340 | D:2      | Noticed Terence
  1342 | D:2      | 1342 ||| Stepping ~*~*~tactically~*~*~ (stealth).
  1344 | D:2      | 1344 ||| INVOKING Berserk.
  1345 | D:2      | Killed Terence
  1464 | D:2      | 1464 ||| Stepping ~*~*~tactically~*~*~ (stealth).
  1551 | D:2      | Reached skill level 6 in Axes
  1551 | D:2      | Reached XP level 4. HP: 39/39 MP: 3/3
  1641 | D:2      | 1641 ||| Stepping ~*~*~tactically~*~*~ (stealth).
  1643 | D:2      | 1643 ||| Stepping ~*~*~tactically~*~*~ (stealth).
  1646 | D:2      | 1646 ||| Stepping ~*~*~tactically~*~*~ (stealth).
  1687 | D:2      | 1687 ||| Stepping ~*~*~tactically~*~*~ (hiding).
  1789 | D:2      | 1789 ||| Stepping ~*~*~tactically~*~*~ (hiding).
  1807 | D:2      | 1807 ||| DROPPING +0 club.
  2122 | D:2      | 2122 ||| UPGRADING to +0 ring mail.
  2132 | D:2      | 2132 ||| DROPPING +0 animal skin.
  2133 | D:2      | 2133 ||| UPGRADING to ring of positive energy.
  2172 | D:3      | 2172 ||| STAIRDANCE
  2194 | D:3      | Noticed qw's ghost (weakling BaCK)
  2198 | D:3      | Found a transporter.
  2263 | D:3      | Found a transporter.
  2422 | D:3      | Reached XP level 5. HP: 45/45 MP: 4/4
  2427 | D:3      | Reached *** piety under Trog
  2428 | D:3      | Reached skill level 7 in Axes
  2434 | D:3      | Found an ancient bone altar of Kikubaaqudgha.
  2703 | D:3      | Found a shimmering blue altar of Sif Muna.
  2813 | D:3      | 2813 ||| Stepping ~*~*~tactically~*~*~ (stealth).
  2856 | D:3      | 2856 ||| READING scroll labelled EPLIEWKOTEA.
  2857 | D:3      | 2857 ||| DRINKING 2 viscous blue potions.
  2858 | D:3      | 2858 ||| READING 2 scrolls of identify.
  2858 | D:3      | 2858 ||| IDENTIFYING amethyst potion
  2859 | D:3      | 2859 ||| Stepping randomly (stuck).
  2860 | D:3      | 2860 ||| Stepping ~*~*~tactically~*~*~ (cloud).
  3095 | D:4      | 3095 ||| Stepping ~*~*~tactically~*~*~ (stealth).
  3098 | D:4      | 3098 ||| INVOKING Berserk.
  3105 | D:4      | Reached skill level 1 in Throwing
  3109 | D:4      | 3109 ||| DRINKING potion of curing.
  3109 | D:4      | 3109 ||| (to cure confusion)
  3113 | D:4      | HP: 9/46 [orc/+0 short sword (3)]
  3114 | D:4      | HP: 2/46 [orc/+0 short sword (3)]
  3115 | D:4      | Killed from afar by an orc priest

Levels and vault maps discovered:
D:1:      heliophobic_arrival_henge, layout_basic, ebering_ecumenical_altar_box
D:2:      layout_loops_ring, uniq_terence
D:3:      layout_basic, kennysheep_vampire_church, led_sif_pool,
          gammafunk_ghost_arena, minmay_misc_feat_roman, supply_closet_lemuel,
          minivault_26
D:4:      old_forge, layout_basic, chequers_garden,
          hangedman_abyss_or_decor_slice

Skill      XL: |  1  2  3  4  5 |
---------------+----------------+-----
Axes           | 4 5 6 7 |  7.4
Fighting       | 4 |  4.3
Throwing       | 1 |  1.3
Armour         | |  2.4
Dodging        | |  2.1

Action                   |  1- 3 |  4- 6 || total
-------------------------+-------+-------++-------
Melee: Hand axe          |    67 |    66 ||   133
       Headbutt          |    12 |     9 ||    21
       Punch             |     1 |     1 ||     2
Throw: Boomerang         |     5 |    47 ||    52
Invok: Berserk           |     1 |     1 ||     2
  Use: Scroll            |     2 |     2 ||     4
       Potion            |     2 |     2 ||     4
Armor: Animal skin       |     9 |       ||     9
       Ring mail         |       |    27 ||    27
Dodge: Dodged            |    31 |    47 ||    78

Table legend:
 A = Non-vault XP
 B = Vault XP
 C = Vault XP percentage of total XP
 D = Non-vault monster count
 E = Vault monster count
 F = Vault count percentage of total count
                 A         B        C        D         E       F
            +---------+---------+-------+---------+---------+-------
      Total |     219 |     156 |  41.6 |      67 |       9 |  11.8
            +---------+---------+-------+---------+---------+-------
        D:1 |      51 |       0 |   0.0 |      27 |       0 |   0.0
        D:2 |      83 |      32 |  27.8 |      18 |       1 |   5.3
        D:3 |      35 |     124 |  78.0 |      16 |       8 |  33.3
        D:4 |      50 |       0 |   0.0 |       6 |       0 |   0.0
            +---------+---------+-------+---------+---------+-------
